 Dungeon Crawl Stone Soup version 0.29.1-15-g9cfb28693d (webtiles) character file.

Game seed: 4075325316159186082

1526 Fartwhistle the Changer (level 8, -18/65 (69) HPs)
             Began as a Naga Transmuter on May 28, 2023.
             Was a Believer of Cheibriados.
             Demolished by a sun demon (25 damage)
             ... summoned by an orc sorcerer
             ... in a bailey.
             The game lasted 00:16:45 (9191 turns).

Fartwhistle the Changer (Naga Transmuter)           Turns: 9191, Time: 00:16:47

HP:   -18/65 (69)   AC:  3    Str: 18    XL:     8   Next: 85%
MP:   1/16          EV: 10    Int: 19    God:    Cheibriados [**....]
Gold: 327           SH:  0    Dex: 21    Spells: 5/18 levels left

rFire   + . .      SeeInvis +   D - +2 mace (protect)
rCold   . . .      Faith    .   (no shield)
rNeg    . . .      Spirit   .   a - +0 robe
rPois   +          Reflect  .   (no helmet)
rElec   .          Harm     .   (no cloak)
rCorr   .          Rampage  .   (no gloves)
Will    +....                   (no barding)
Stlth   ++........              (no amulet)
HPRegen 0.20/turn               y - ring of protection from fire
MPRegen 0.15/turn               t - +6 ring of dexterity

@: very slightly contaminated, drained, very slow
A: AC +2, large, see invisible, deformed body, poison resistance, slowness 2,
spit poison 1, naga tail 1
a: Spit Poison, Renounce Religion, Bend Time


You were in a bailey.
You worshipped Cheibriados.
Cheibriados was pleased with you.
You visited 2 branches of the dungeon, and saw 8 of its levels.
You also visited: Bailey.

You collected 327 gold pieces.

Inventory:

Hand Weapons
 D - a +2 mace of protection (weapon)
Armour
 a - a +0 robe (worn)
Jewellery
 c - a ring of flight
 t - a +6 ring of dexterity (right hand)
 y - a ring of protection from fire (left hand)
Wands
 z - a wand of mindburst (7)
 A - a wand of flame (15)
Scrolls
 b - a scroll of enchant armour {unknown}
 d - a scroll of magic mapping
 e - 4 scrolls of teleportation
 f - 2 scrolls of poison
 g - a scroll of fog {unknown}
 h - a scroll of fear
 j - a scroll of acquirement {unknown}
 k - 2 scrolls of noise {unknown}
 l - a scroll of enchant weapon
 m - 2 scrolls of vulnerability {unknown}
 n - 3 scrolls of immolation
 o - a scroll of silence {unknown}
 w - a scroll of torment {unknown}
Potions
 i - a potion of curing
 p - a potion of mutation {unknown}
 q - a potion of cancellation {unknown}
 r - a potion of attraction {unknown}
 s - a potion of might {unknown}
 u - 2 potions of resistance
 v - 2 potions of magic
 B - a potion of invisibility
 C - a potion of heal wounds {unknown}


   Skills:
 + Level 3.5 Fighting
 - Level 1.5 Dodging
 + Level 4.6 Unarmed Combat
 + Level 5.8 Spellcasting
 + Level 6.3 Transmutations
 - Level 2.0 Ice Magic
 - Level 4.2 Poison Magic


You had 5 spell levels left.
You knew the following spells:

 Your Spells              Type           Power      Damage    Failure   Level
a - Beastly Appendage     Tmut           58%        N/A       1%          1
b - Wereblood             Tmut           29%        N/A       1%          2
c - Spider Form           Tmut/Pois      25%        N/A       4%          3
d - Mephitic Cloud        Conj/Pois/Air  10%        N/A       19%         3
e - Ice Form              Ice/Tmut       21%        N/A       21%         4

Your spell library contained the following spells:

 Spells                   Type           Power      Damage    Failure   Level
 Magic Dart               Conj           20%        1d4       12%         1
 Call Imp                 Summ           5%         N/A       17%         2
 Scorch                   Fire           10%        2d6       17%         2
 Summon Guardian Golem    Hex/Summ       5%         N/A       34%         3
 Tukima's Dance           Hex            5%         N/A       34%         3
 Yara's Violent Unravell  Hex/Tmut       8%         3d5       65%         5
 Flame Wave               Conj/Fire      5%         2d5       75%         4
 Passage of Golubria      Tloc           5%         N/A       75%         4
 Summon Cactus Giant      Summ           2%         N/A       100%        6
 Orb of Destruction       Conj           2%         9d5       100%        7
 Spellforged Servitor     Conj/Summ      2%         N/A       100%        7


Dungeon Overview and Level Annotations

Branches:
Dungeon (7/15)             Temple (1/1) D:5          Bailey (1/1)

Altars:
Ashenzari
Cheibriados
Dithmenos
Elyvilon
Fedhas
Makhleb
Nemelex Xobeh
Okawaru
Qazlal
Ru
Sif Muna
Trog
Uskayaw
Vehumet
Wu Jian
Xom
Yredelemnul
Zin
The Shining One

Annotations:
D:6 1 runed translucent door, Crazy Yiuf


Innate Abilities, Weirdness & Mutations

Your serpentine skin is tough. (AC +2)
You have supernaturally acute eyesight. (SInv)
Armour fits poorly on your strangely shaped body.
Your system is resistant to poisons. (rPois)
You cover ground very slowly.
You can spit poison.
You have a snake-like lower body.


Message History

You punch the orc warrior! You freeze the orc warrior.
You kill the orc warrior!
Cheibriados thoroughly appreciates the change of pace.
No target in view!
An orc sorcerer comes into view. It is wielding a +0 war axe.
The orc sorcerer gestures wildly while chanting.
The orc sorcerer casts a spell at you. The bolt of negative energy hits you!!
You feel drained.
There is an open door, spattered with blood here.
Items here: ))))))) [[[[[[[ ††.
The orc sorcerer points at you and mumbles some strange words.
The bolt of fire hits the gnoll!!
The gnoll dies!
The bolt of fire misses you.
You close the door, pushing everything out of the way.
Things that are here:
a +0 hand axe; a +0 hand axe You warm up again.
Your +2 mace of protection unmelds from your body.
Your +0 robe unmelds from your body.
Your +2 mace of protection hums with potential!
Something unseen opens the door.
Casting: Mephitic Cloud (dangerous; 19% risk of failure)
Confirm with . or Enter, or press ? or * to list all spells.
Aiming: Mephitic Cloud (dangerous; 19% risk of failure)
Press: ? - help, Shift-Dir - straight line, f - orc sorcerer
Aim: an orc sorcerer, wielding a +0 war axe and wearing a +0 ring mail (chance to affect: 58%)
The ball explodes into a vile cloud!
The stinking cloud engulfs the orc sorcerer but does no damage.
You hear a shout!
The orc sorcerer is engulfed in noxious fumes.
The orc sorcerer appears confused.
The orc sorcerer hits the sun demon but does no damage.
The sun demon attacks as you move away! The sun demon hits you!!
* * * LOW HITPOINT WARNING * * *
You are engulfed in flames!
You resist.
* * * LOW HITPOINT WARNING * * *
The orc sorcerer is engulfed in noxious fumes.
The orc sorcerer appears confused.
The sun demon hits you!!
You die...

##)# #..# #.3#
#..# #○.# #o.#
#○## #[3# #8@# ..
#..# .8# ####8.#
.... #######.....#
.8.. #.....#...8.#
.....#.....#.....#
#..#..⌠..#..####
#..).....'..#
#..'...).'..#


You could see a sun demon (summoned) and an orc sorcerer (confused).

Vanquished Creatures
  A water moccasin (D:5)
  An orc warrior (Bailey)
  A black bear (D:3)
  2 ice beasts
  An ogre (D:4)
  A phantom (D:5)
  3 scorpions
  A howler monkey (D:6)
  An orc priest (D:4)
  2 jellies
  3 hounds
  2 gnoll boudas (D:5)
  2 iguanas (D:5)
  3 orc wizards
  11 gnolls
  6 adders
  A shadow imp (D:6)
  2 white imps (D:5)
  A worm (D:3)
  A dart slug (D:3)
  24 orcs
  A bat (D:1)
  6 endoplasms
  4 giant cockroaches
  10 hobgoblins
  9 jackals
  4 quokkas
  8 ball pythons
  2 frilled lizards (D:3)
  8 goblins
  5 kobolds
  A rat (D:2)
128 creatures vanquished.

Vanquished Creatures (others)
  A gnoll (Bailey)
1 creature vanquished.

Grand Total: 129 creatures vanquished

Notes
Turn   | Place    | Note
-------+----------+-------------------------------------------
     0 | D:1      | Fartwhistle the Naga Transmuter began the quest for the
                  | Orb.
     0 | D:1      | Reached XP level 1. HP: 18/18 MP: 3/3
   329 | D:1      | You are sucked into a shaft and drop 1 floor!
   656 | D:1      | Reached XP level 2. HP: 15/25 MP: 3/5
  1878 | D:1      | Reached XP level 3. HP: 24/31 MP: 4/6
  1890 | D:1      | Learned a level 2 spell: Wereblood
  1894 | D:1      | Learned a level 3 spell: Spider Form
  2664 | D:2      | Found a radiant altar of Vehumet.
  2793 | D:3      | Found a faded altar of an unknown god.
  2811 | D:3      | Reached skill level 1 in Poison Magic
  2856 | D:3      | Reached skill level 3 in Transmutations
  2965 | D:3      | Noticed a scorpion
  2972 | D:3      | Killed a scorpion
  2973 | D:3      | Reached XP level 4. HP: 38/38 MP: 3/8
  3194 | D:3      | Noticed a black bear
  3208 | D:3      | Killed a black bear
  3209 | D:3      | Reached skill level 4 in Transmutations
  3209 | D:3      | Reached XP level 5. HP: 27/44 MP: 4/10
  3550 | D:3      | Found an ornate altar of the Wu Jian Council.
  3849 | D:3      | Reached XP level 6. HP: 41/51 MP: 12/12
  4911 | D:4      | Reached XP level 7. HP: 43/60 MP: 6/13
  5267 | D:4      | Learned a level 3 spell: Mephitic Cloud
  5272 | D:4      | Learned a level 4 spell: Ice Form
  5277 | D:5      | Entered Level 5 of the Dungeon
  5619 | D:5      | Reached skill level 5 in Transmutations
  5619 | D:5      | Reached skill level 1 in Ice Magic
  5845 | D:5      | Found a staircase to the Ecumenical Temple.
  5878 | Temple   | Entered the Ecumenical Temple
  6482 | Temple   | Became a worshipper of Cheibriados the Contemplative
  6798 | D:5      | Reached skill level 5 in Spellcasting
  6798 | D:5      | Reached XP level 8. HP: 25/68 MP: 2/15
  6832 | D:5      | HP: 3/68 [phantom (6)]
  7965 | D:6      | Reached * piety under Cheibriados
  8234 | D:6      | Reached skill level 6 in Transmutations
  8551 | D:6      | Found a runed translucent door.
  8552 | D:6      | Noticed Crazy Yiuf
  8814 | D:7      | Found a flagged portal.
  8921 | Bailey   | Entered a bailey
  9080 | Bailey   | Reached ** piety under Cheibriados
  9182 | Bailey   | Noticed an orc sorcerer
  9184 | Bailey   | Noticed a sun demon
  9191 | Bailey   | Demolished by a sun demon

Illustrated notes

Levels and vault maps discovered:
D:1:      matt_arrival_diagonals, layout_loops_ring
D:2:      layout_loops_corners, basic_altar
D:3:      layout_rooms, mainiacjoe_overflow_catwalk, basic_ecumenical_altar
D:4:      layout_gridville, nicolae_hexahallways,
          hangedman_abyss_or_decor_lesser_grid, minmay_misc_feat_doors,
          grunt_decor_resistance
D:5:      layout_cave_pools, minmay_temple_entry_glassed_door,
          minmay_diced_spiral
D:6:      layout_rooms, uniq_crazy_yiuf_cottage
D:7:      layout_loops_corners, lemuel_zombie_altar_kikubaaqudgha,
          enter_bailey_2, roderic_lattice_a, minmay_puff
Temple:   mainiacjoe_temple_bowtie_tessellation
Bailey:   bailey_axe_of_yendor_kennysheep, bailey

Skill      XL: |  1  2  3  4  5  6  7  8 |
---------------+-------------------------+-----
Poison Magic   | 2 3 4 |  4.2
Transmutations | 3 4 5 6 |  6.3
Spellcasting   | 3 4 5 |  5.8
Fighting       | 2 3 |  3.5
Ice Magic      | 1 2 |  2.0
Unarmed Combat | 4 |  4.6
Dodging        | |  1.5

Action                   |  1- 3 |  4- 6 |  7- 9 || total
-------------------------+-------+-------+-------++-------
Melee: Unarmed           |   132 |   135 |   216 ||   483
       Headbutt          |    11 |     2 |       ||    13
       Punch             |     2 |     1 |     2 ||     5
       Mace              |       |       |     5 ||     5
 Cast: Beastly Appendage |    24 |     4 |     4 ||    32
       Spider Form       |     1 |     8 |    19 ||    28
       Mephitic Cloud    |       |       |     5 ||     5
       Ice Form          |       |       |     5 ||     5
 Abil: Spit Poison       |     2 |     1 |     7 ||    10
       End Transformatio |       |       |     1 ||     1
  Use: Potion            |     1 |     1 |     4 ||     6
       Scroll            |       |     4 |     6 ||    10
 Stab: Sleeping          |       |     1 |     1 ||     2
       Confused          |       |       |     4 ||     4
Armor: Skin              |     4 |     3 |    17 ||    24
       Robe              |    19 |    14 |     8 ||    41
Dodge: Dodged            |    63 |    71 |   163 ||   297
